 Dungeon Crawl Stone Soup version 0.31-a0-955-gcb8bc90ed4 (webtiles) character file.

Game seed: 5566431605279755768

1190 BinkBink the Destroyer (level 8, -14/46 HPs)
             Began as an Octopode Conjurer on Oct 22, 2023.
             Demolished by Edmund
             ... wielding a +2 dire flail of protection
              (17 damage)
             ... on level 5 of the Dungeon.
             The game lasted 00:10:55 (4766 turns).

BinkBink the Destroyer (Octopode Conjurer)          Turns: 4766, Time: 00:10:56

Health: -14/46     AC:  1    Str:  6    XL:     8   Next: 43%
Magic:  0/17       EV: 13    Int: 23    God:
Gold:   181        SH:  0    Dex: 10    Spells: 17/20 levels left

rFire   . . .        (no weapon)
rCold   . . .        (no shield)
rNeg    + . .        (helmet restricted)
rPois   .            (no amulet)
rElec   .            l - ring of positive energy
rCorr   .            (no ring)
SInv    .            (no ring)
Will    .....        (no ring)
Stlth   +++          (no ring)
HPRegen 0.27/turn    (no ring)
MPRegen 0.15/turn    (no ring)
                     (no ring)

%: no passive effects
@: about to teleport
A: almost no armour, amphibious, 8 rings, camouflage 1, gelatinous body 1,
(nimble swimmer 1), tentacles
a: no special abilities


You were on level 5 of the Dungeon.
You visited 1 branch of the dungeon, and saw 5 of its levels.

You collected 181 gold pieces.

Inventory:

Missiles
 v - 2 throwing nets
Jewellery
 j - a ring of ice
 l - a ring of positive energy (left tentacle)
Wands
 o - a wand of flame (40)
Scrolls
 c - 2 scrolls of identify {unknown}
 e - 2 scrolls of amnesia {unknown}
 k - a scroll of summoning {unknown}
 m - a scroll of teleportation
 n - a scroll of silence {unknown}
 p - a scroll of enchant armour {unknown}
 r - 2 scrolls of immolation {unknown}
 t - a scroll of enchant weapon {unknown}
 u - 2 scrolls of revelation {unknown}
Potions
 a - a potion of magic
 b - a potion of berserk rage {unknown}
 d - a potion of ambrosia {unknown}
 f - a potion of mutation {unknown}
 g - 2 potions of degeneration {unknown}
 h - a potion of invisibility {unknown}
 i - a potion of haste {unknown}
 q - a potion of curing {unknown}
 s - 2 potions of lignification {unknown}


   Skills:
 - Level 2.0 Dodging
 - Level 2.6 Stealth
 + Level 6.6 Spellcasting
 + Level 8.0 Conjurations


You had 17 spell levels left.
You knew the following spells:

 Your Spells              Type           Power      Damage    Failure   Level
a - Magic Dart            Conj           100%       1d8       1%          1
b - Searing Ray           Conj           88%        2d7       1%          2

Your spell library contained the following spells:

 Spells                   Type           Power      Damage    Failure   Level
 Static Discharge         Conj/Air       52%        3-6/arc   2%          2
 Dazzling Flash           Conj/Hex       52%        N/A       4%          3
 Mephitic Cloud           Conj/Pois/Air  20%        N/A       8%          3
 Apportation              Tloc           14%        N/A       9%          1
 Necrotise                Necr           28%        1d5       9%          1
 Summon Small Mammal      Summ           28%        N/A       9%          1
 Poisonous Vapours        Pois/Air       14%        N/A       12%         2
 Fulminant Prism          Conj/Hex       13%        3d8       16%         4
 Iskenderun's Mystic Bla  Conj/Tloc      26%        2d7       16%         4
 Call Canine Familiar     Summ           7%         N/A       24%         3
 Sigil of Binding         Hex            7%         N/A       24%         3
 Freezing Cloud           Conj/Ice/Air   10%        6-21      58%         5
 Airstrike                Air            3%         2d(1-17)  63%         4
 Dimensional Bullseye     Hex/Tloc       3%         N/A       63%         4
 Leda's Liquefaction      Hex/Erth       3%         N/A       63%         4
 Summon Lightning Spire   Summ/Air       7%         N/A       63%         4


Dungeon Overview and Level Annotations

Branches:
Dungeon (5/15)             Temple (0/1) D:5

Altars:

Shops:
D:1 !((

Annotations:
D:5 Edmund


Innate Abilities, Weirdness & Mutations

You cannot wear most types of armour.
You are amphibious.
You can wear up to eight rings at the same time.
Your skin changes colour to match your surroundings (Stealth+).
Your rubbery body absorbs attacks. (AC +1, EV +1)
((You are camouflaged when in or above water. (Stealth+)))
You have tentacles for arms and can constrict up to eight enemies at once.


Message History

The searing ray hits Edmund.
Edmund is lightly wounded. (Press . to maintain the ray.)
The searing ray hits Edmund.
Edmund is lightly wounded.
The searing ray hits Edmund.
Edmund is moderately wounded.
Edmund says, "I might not be good at magic, but I can still kill you!"
Casting: Searing Ray (safe; 1% risk of failure)
Confirm with . or Enter, or press ? or * to list all spells.
Restarting spell: Searing Ray (safe; 1% risk of failure)
Press: ? - help, Shift-Dir - straight line, f/p - Edmund
Aim: Edmund, wielding a +2 dire flail of protection and wearing a +0 leather armour (moderately wounded, 82% to hit)
The searing ray misses Edmund. (Press . to maintain the ray.) Edmund closely misses you.
The searing ray hits Edmund!
Edmund is heavily wounded.
Edmund hits you with a +2 dire flail of protection!
The searing ray hits Edmund.
Edmund is heavily wounded.
Edmund hits you with a +2 dire flail of protection!
As you read the scroll labelled COLAFI YRAR, it crumbles to dust.
You feel strangely unstable.
It was a scroll of teleportation.
Edmund hits you with a +2 dire flail of protection.
Okay, then.
Casting: Searing Ray (safe; 1% risk of failure)
Confirm with . or Enter, or press ? or * to list all spells.
Aiming: Searing Ray (safe; 1% risk of failure)
Press: ? - help, Shift-Dir - straight line, f/p - Edmund
Aim: Edmund, wielding a +2 dire flail of protection and wearing a +0 leather armour (heavily wounded, 82% to hit)
The searing ray hits Edmund!
Edmund is almost dead. (Press . to maintain the ray.) Edmund hits you with a +2 dire flail of protection!
* * * LOW HITPOINT WARNING * * *
Without enough magic to sustain it, your searing ray dissipates.
Edmund hits you with a +2 dire flail of protection!
You die...
Edmund whines, "They better pay attention to me now!"

#.#........##.# #.###
##.#.........<.# #....
.....#.##.####.###.###
..####...##.# #.....#
.......†....# ###)###
....##†##### #..# $
#.####### ##.#
>.##.##@.!....# #.#
.).....@#####.# ...
..##!#### .... # #...#
##.## #..


You could see Edmund.

Vanquished Creatures
  Sigmund (D:2)
  Eustachio (D:4)
  An ice beast (D:4)
  An ogre (D:4)
  2 phantoms
  A bullfrog (D:5)
  A howler monkey (D:5)
  4 hounds
  2 orc priests
  Jessica (D:2)
  Natasha (thrice) (D:2)
  An iguana (D:4)
  A gnoll (D:1)
  6 adders
  A white imp (D:5)
  2 ufetubi (D:4)
  A worm (D:4)
  A dart slug (D:4)
  7 orcs
  4 bats
  3 endoplasms
  2 giant cockroaches
  6 goblins
  7 hobgoblins
  7 kobolds
  2 quokkas
  8 ball pythons
  A frilled lizard (D:1)
  5 rats
83 creatures vanquished.

Notes
Turn   | Place    | Note
-------+----------+-------------------------------------------
     0 | D:1      | BinkBink the Octopode Conjurer began the quest for the Orb.
     0 | D:1      | Reached XP level 1. HP: 11/11 MP: 3/3
    72 | D:1      | Found Venoid's Weapon Shop.
   208 | D:1      | Reached XP level 2. HP: 17/17 MP: 1/5
   672 | D:1      | Found Xuniwal's Distillery.
   873 | D:1      | Reached XP level 3. HP: 21/21 MP: 0/7
   966 | D:1      | Found Hufib's Weapon Emporium.
  1327 | D:2      | Noticed Jessica
  1386 | D:2      | Killed Jessica
  1387 | D:2      | Reached XP level 4. HP: 27/27 MP: 2/8
  1507 | D:2      | Noticed Sigmund
  1528 | D:2      | Learned a level 2 spell: Searing Ray
  1587 | D:2      | Noticed Natasha
  1596 | D:2      | Killed Natasha
  1597 | D:2      | Reached skill level 5 in Conjurations
  2068 | D:2      | Killed Sigmund
  2069 | D:2      | Reached XP level 5. HP: 23/31 MP: 1/11
  2069 | D:2      | Reached XP level 6. HP: 27/36 MP: 1/12
  2090 | D:2      | Noticed Natasha
  2161 | D:2      | Killed Natasha
  2214 | D:2      | Noticed Natasha
  2217 | D:2      | Killed Natasha
  2218 | D:2      | Reached skill level 6 in Conjurations
  3048 | D:4      | Noticed an ice beast
  3152 | D:4      | Noticed Eustachio
  3208 | D:4      | Killed Eustachio
  3209 | D:4      | Reached skill level 5 in Spellcasting
  3209 | D:4      | Reached XP level 7. HP: 32/41 MP: 7/14
  3337 | D:4      | Reached skill level 7 in Conjurations
  3860 | D:4      | Reached XP level 8. HP: 42/46 MP: 12/16
  4238 | D:5      | Entered Level 5 of the Dungeon
  4717 | D:5      | Reached skill level 8 in Conjurations
  4750 | D:5      | Noticed Edmund
  4755 | D:5      | Found a staircase to the Ecumenical Temple.
  4765 | D:5      | HP: 2/46 [Edmund/+2 dire flail of protection (17)]
  4766 | D:5      | Demolished by Edmund

Illustrated notes

Levels and vault maps discovered:
D:1:      minmay_arrival_cross, layout_basic, serial_shops, shop,
          nicolae_shop_real_fake_doors, nicolae_shop_tiny_real_fake_doors
D:2:      layout_loops_corners, uniq_jessica, uniq_natasha, uniq_sigmund
D:3:      layout_rooms, minmay_misc_feat_tower
D:4:      layout_basic, nicolae_concentric_dashed_squares_wild, uniq_eustachio
D:5:      layout_loops_ring, minmay_temple_entry_offerings, uniq_edmund

Skill      XL: |  1  2  3  4  5  6  7  8 |
---------------+-------------------------+-----
Spellcasting   | 3 4 5 6 |  6.6
Conjurations   | 5 6 7 8 |  8.0
Dodging        | |  2.0
Stealth        | |  2.6

Action                     |  1- 3 |  4- 6 |  7- 9 || total
---------------------------+-------+-------+-------++-------
   Cast: Magic Dart        |    52 |    51 |    72 ||   175
         Searing Ray       |       |    12 |    16 ||    28
    Use: Potion            |       |     1 |       ||     1
         Scroll            |       |       |     1 ||     1
 Armour: Skin              |       |    16 |    19 ||    35
  Dodge: Dodged            |     2 |     3 |    10 ||    15

Table legend: (Time is in decaauts)
 A = Elapsed time spent in this place.
 B = Non-inter-level travel time spent in this place.
 C = Inter-level travel time spent in this place.
 D = Time resting spent in this place.
 E = Time spent auto-exploring this place.
 F = Levels seen in this place.
 G = Mean time per level.
                   A        B        C        D        E       F      G
               +--------+--------+--------+--------+--------+-----+--------+
         Total |   4764 |   4626 |    138 |    143 |   3944 |   5 |  952.8 |
       Dungeon |   4764 |   4626 |    138 |    143 |   3944 |   5 |  952.8 |
               +--------+--------+--------+--------+--------+-----+--------+

Top non-repeatable levels by time:
     D:2: 1343 daAuts
     D:4: 1290 daAuts
     D:1: 1115 daAuts
     D:3: 540 daAuts
     D:5: 475 daAuts
